 Dungeon Crawl Stone Soup version 0.28.0-53-g5a82cb258f (webtiles) character file.

Game seed: 12932105963216428716

1 Plasmagod the Chopper (level 1, -1/18 HPs)
             Began as a Minotaur Gladiator on July 19, 2022.
             Slain by a gnoll
             ... wielding a +0 flail
              (7 damage)
             ... on level 1 of the Dungeon.
             The game lasted 00:00:24 (54 turns).

Plasmagod the Chopper (Minotaur Gladiator)            Turns: 54, Time: 00:00:25

Health: -1/18      AC:  3    Str: 18    XL:     1   Next: 16%
Magic:  0/0        EV: 12    Int:  5    God:
Gold:   0          SH:  0    Dex: 11    Spells: 0/0 levels left

rFire   . . .      SeeInvis .   a - +0 war axe
rCold   . . .      Faith    .   (no shield)
rNeg    . . .      Spirit   .   b - +0 leather armour
rPois   .          Reflect  .   c - +0 hat
rElec   .          Harm     .   (no cloak)
rCorr   .          Rampage  .   (no gloves)
Will    .....                   (no boots)
Stlth   +.........              (no amulet)
HPRegen 0.06/turn               (no ring)
MPRegen 0.07/turn               (no ring)

@: no status effects
A: horns 2, retaliatory headbutt
a: no special abilities


You were on level 1 of the Dungeon.
You visited 1 branch of the dungeon, and saw 1 of its levels.

Inventory:

Hand Weapons
 a - a +0 war axe (weapon)
Missiles
 d - 3 throwing nets (quivered)
Armour
 b - a +0 leather armour (worn)
 c - a +0 hat (worn)


   Skills:
 + Level 2.4 Fighting
 + Level 3.6 Axes
 + Level 2.0 Throwing
 + Level 3.3 Dodging


You couldn't memorise any spells.
You didn't know any spells.
Your spell library was empty.

Dungeon Overview and Level Annotations

Branches:
Dungeon (1/15)

Altars:

Shops:
D:1 [


Innate Abilities, Weirdness & Mutations

You have a pair of horns on your head.
You reflexively headbutt those who attack you in melee.


Message History

You open the door.
Found a dagger.
There is an open door here.
Found Ysaykisa's Antique Armour Shoppe.
A rat comes into view.
There is an entrance to Ysaykisa's Antique Armour Shoppe here.
You can access your shopping list by pressing '$'.
A bat comes into view.
The bat misses you.
Found 10 gold pieces.
The bat hits you but does no damage.
A hobgoblin comes into view.
The hobgoblin shouts!
You hear a shout!
The bat hits you but does no damage.
A ball python comes into view.
The bat barely misses you.
A gnoll comes into view. It is wielding a +0 flail.
You closely miss the bat.
The ball python hisses angrily.
The bat barely misses you. x2
You closely miss the bat. Your headbutt misses the bat.
The bat barely misses you. The bat closely misses you.
The bat barely misses you.
A bat comes into view.
The ball python bites you but does no damage.
The ball python barely misses you.
You closely miss the ball python. Your headbutt misses the ball python.
The bat hits you but does no damage. The bat hits you.
The ball python closely misses you. The ball python misses you.
You slash the ball python!
You kill the ball python!
You closely miss the bat. The bat hits you but does no damage.
The bat barely misses you. The gnoll hits you with a +0 flail!
Ouch! That really hurt!
You are too injured to fight recklessly!
You are too injured to fight recklessly!
You closely miss the bat. You hit the gnoll. The bat closely misses you.
You furiously retaliate!
You headbutt the bat!
You kill the bat!
The bat hits you but does no damage. The gnoll hits you with a +0 flail!
You die...

#.......... #.
#.#.#####.# #.#
#.#...###.# #..
###.###.#....
#...#
r.........#.#
###..$g
##.###.###.#
.....#r#### #.#
#∩# #.# #.$gb..#
#.###.###.#
#@#.####.........#
#............#####
###.########## #.#
#.# #.# #.# #.#
#.#


You could see a gnoll, a hobgoblin, a bat and a rat.

Vanquished Creatures
  A ball python (D:1)
  A bat (D:1)
2 creatures vanquished.

Notes
Turn   | Place    | Note
-------+----------+-------------------------------------------
     0 | D:1      | Plasmagod the Minotaur Gladiator began the quest for the
                  | Orb.
     0 | D:1      | Reached XP level 1. HP: 18/18 MP: 0/0
    31 | D:1      | Found Ysaykisa's Antique Armour Shoppe.
    54 | D:1      | Slain by a gnoll

Illustrated notes

Levels and vault maps discovered:
D:1:      ncdulo_lavacross, layout_loops_ring, serial_shops, shop

Action                   || total
-------------------------++-------
Melee: War axe           ||     5
Armor: Leather armour    ||     6
Dodge: Dodged            ||    12
